 Dungeon Crawl Stone Soup version 0.17.0-23-g0de4337 (webtiles) character file.

12 septik the Insei (level 2, 0/18 HPs)
             Began as an Octopode Transmuter on Nov 13, 2015.
             Slain by a bat (1 damage)
             ... on level 1 of the Dungeon.
             The game lasted 00:01:56 (466 turns).

septik the Insei (Octopode Transmuter)               Turns: 466, Time: 00:01:56

Health: 0/18       AC:  1    Str:  9    XL:     2   Next: 33%
Magic:  4/5        EV: 12    Int: 15    God:
Gold:   21         SH:  0    Dex: 12    Spells: 1 memorised, 5 levels left

rFire  . . .     SeeInvis .       - Unarmed
rCold  . . .     Clarity  .     (no shield)
rNeg   . . .     SustAt   .     (helmet restricted)
rPois  .         Gourm    .     (no amulet)
rElec  .         Spirit   .     (no ring)
rCorr  .         Warding  .     (no ring)
rMut   .         Stasis   .     (no ring)
MR     .....                    (no ring)
Stlth  ++........               (no ring)
                                (no ring)
                                (no ring)
                                (no ring)

@: appendage, not resistant to hostile enchantments, unstealthy
A: almost no armour, amphibious, 8 rings, constrict 8, tentacle spike 3,
camouflage 1, gelatinous body 1
a: End Transformation


You were on level 1 of the Dungeon.
You were not hungry.
One of your tentacles had a temporary spike.
You visited 1 branch of the dungeon, and saw 1 of its levels.

You collected 21 gold pieces.

Inventory:

Missiles
 a - 12 arrows
 g - 24 stones (quivered)
Scrolls
 d - a scroll of enchant armour {unknown}
 i - a scroll of identify {unknown}
Potions
 e - a potion of might {unknown}
 h - a potion of flight {unknown}
Books
 b - a book of Changes

   Spells                             Type                      Level
   a - Beastly Appendage              Transmutation                1
   b - Sticks to Snakes               Transmutation                2
   c - Spider Form                    Transmutation/Poison         3
   d - Ice Form                       Ice/Transmutation            4
   e - Blade Hands                    Transmutation                5
Comestibles
 c - 2 bread rations
 f - 7 chunks of flesh


   Skills:
 - Level 1.0 Fighting
 - Level 2.0 Dodging
 - Level 3.0 Unarmed Combat
 * Level 2.5 Spellcasting
 + Level 2.3 Transmutations


You had 5 spell levels left.
You knew the following spells:

 Your Spells              Type           Power        Failure   Level  Hunger
a - Beastly Appendage     Trmt           #.....       12%         1    #......


Dungeon Overview and Level Annotations

Branches:
Dungeon (1/15)

Altars:


Innate Abilities, Weirdness & Mutations

You cannot wear most types of armour.
You are amphibious.
You can wear up to eight rings at the same time.
You can use your tentacles to constrict eight enemies at once.
Your skin changes colour to match your surroundings (Stealth).
Your rubbery body absorbs attacks (AC +1).
One of your tentacles bears a large vicious spike.


Message History

One of your tentacles grows a vicious spike.
The bat hits you.
* * * LOW HITPOINT WARNING * * *
The jackal closely misses you.
You are too injured to fight recklessly!
You are too injured to fight recklessly!
You closely miss the jackal. Your grab misses the jackal.
Your tentacle spike misses the jackal.
Your squeeze misses the jackal. The jackal bites you.
* * * LOW HITPOINT WARNING * * *
The bat hits you.
* * * LOW HITPOINT WARNING * * *
You tentacle-slap the bat. Your grab misses the bat.
Your tentacle spike misses the bat.
The bat is moderately wounded.
The bat completely misses you.
The jackal bites you but does no damage.
Some of the chunks of flesh in your inventory have rotted away.
The bat hits you.
You die...

#..#.#####...### ..
#.....####...###
#.#########......#...##.
#...(..# #......#...##.
##......####......#...##.
........+........#....##.
####.....#####.##......##. .
........b..............)..
..........h@.....###.....##.
.....####.######## #.....##.
........lr# #.....##.
.8...[.8rr# ##......)
...?.....%# #.......
.........?# #.....##
..........# #....##
.....>....# #...## #
..........# #...# ##


You could see a giant gecko, a jackal and a bat.

Vanquished Creatures
  2 giant cockroaches (D:1)
  3 goblins (D:1)
  A hobgoblin (D:1)
  2 bats (D:1)
  A giant newt (D:1)
  A kobold (D:1)
  2 rats (D:1)
12 creatures vanquished.

Notes
Turn   | Place    | Note
--------------------------------------------------------------
     0 | D:1      | septik the Octopode Transmuter began the quest for the Orb.
     0 | D:1      | Reached XP level 1. HP: 13/13 MP: 3/3
   322 | D:1      | Reached XP level 2. HP: 15/18 MP: 5/5
   466 | D:1      | Slain by a bat

Action                   || total
-------------------------++-------
Melee: Unarmed           ||    34
 Cast: Beastly Appendage ||     4
 Stab: Sleeping          ||     2
